 Dungeon Crawl Stone Soup version 0.31.0-9-g3a7656b989 (webtiles) character file.

Game seed: 13073321721849830772

180 ChrisAssaf the Ruffian (level 5, 0/24 HPs)
             Began as a Human Shapeshifter on Jan 25, 2024.
             Was a Follower of Cheibriados.
             Splashed by a jelly's acid (4 damage)
             ... on level 4 of the Dungeon.
             The game lasted 00:08:15 (2925 turns).

ChrisAssaf the Ruffian (Human Shapeshifter)         Turns: 2925, Time: 00:08:16

Health: 0/24       AC: -6    Str: 16    XL:     5   Next: 60%
Magic:  5/5        EV: 17    Int: 14    God:    Cheibriados [*.....]
Gold:   5          SH:  5    Dex: 15    Spells: 5/5 levels left

rFire   . .          .
                       - Unarmed
rCold   . . .        (shield currently unavailable)
rNeg    . . .        a - melded +0 animal skin
rPois   +            (no helmet)
rElec   .            (no cloak)
rCorr   .            (no gloves)
SInv    .            (no boots)
Will    .....        i - amulet of reflection
Stlth   +            l - ring of wizardry
HPRegen 0.24/turn    h - ring of poison resistance
MPRegen 0.09/turn

%: reflection, clarity, wizardry (x1)
@: flux-form, corroded, glowing, very slow
A: glow, contaminating, reduced hp, explore regen, iridescent scales 1, clarity,
low MP 1
a: Begin Untransformation, Renounce Religion, Bend Time


You were on level 4 of the Dungeon.
You worshipped Cheibriados.
Cheibriados was aware of your devotion.
You were something dangerously unstable.
You visited 1 branch of the dungeon, and saw 4 of its levels.

You collected 173 gold pieces.
You spent 168 gold pieces at shops.

Inventory:

Armour
 a - a +0 animal skin (melded)
Jewellery
 b - a ring of wizardry
 g - a +5 ring of evasion
 h - a ring of poison resistance (right hand)
 i - an amulet of reflection (around neck)
 l - a ring of wizardry (left hand)
Talismans
 c - a beast talisman
 d - a flux talisman (active)
Wands
 f - a wand of charming (11)
Scrolls
 e - 2 scrolls of poison
 k - a scroll of noise
Potions
 j - 2 potions of resistance
 m - a potion of brilliance
 n - a potion of magic


   Skills:
 * Level 1.7 Fighting
 * Level 1.1 Armour
 * Level 2.8 Dodging
 * Level 1.2 Stealth
 * Level 4.2 Unarmed Combat
 * Level 0.8 Spellcasting
 * Level 0.8 Invocations
 * Level 3.5 Shapeshifting


You had 5 spell levels left.
You didn't know any spells.
Your spell library was empty.

Dungeon Overview and Level Annotations

Branches:
Dungeon (4/15)
 Temple: D:4-7

Altars:
Cheibriados
Kikubaaqudgha

Shops:
D:2 [   D:3 *


Innate Abilities, Weirdness & Mutations

You are something dangerously unstable.
You glow with magical radiation, making you easy to see and hit.
Foes you strike become dangerously contaminated with magical radiation.
Your maximum health is decreased, since you lack skill for your form.
You are incapable of wielding weapons or throwing items.
You regain HP and MP as you explore.
You are partially covered in iridescent scales. (AC +2)
You possess an exceptional clarity of mind.
Your magical capacity is low. (-10% MP)


Message History

You feel extremely strange.
Iridescent scales grow over part of your body.
You feel less energetic.
Your thoughts seem clearer.
There is an entrance to Decuv's General Store here.
There is a stone staircase leading down here.
You climb downwards.
You hear the sound of rushing water.
There is an entrance to a sewer on this level.
Hurry and find it before the portal rusts away!
Found a purple potion, 13 gold pieces and a scroll labelled TIWARA TOAVIOM.
There is a stone staircase leading up here.
Okay, then.
Found 17 gold pieces.
A jelly comes into view.
You barely miss the jelly. The jelly closely misses you.
You hit the jelly but do no damage.
The jelly begins to glow.
Your hands burn!
The jelly closely misses you.
You hit the jelly.
The jelly glows dangerously bright.
The acid corrodes you!
Your hands burn!
The jelly is lightly wounded.
The jelly completely misses you.
You hit the jelly.
The jelly shudders as magic cascades through it.
The jelly twists and deforms.
Your hands burn!
The jelly is lightly wounded.
The jelly misses you.
You hit the jelly.
The jelly begins to glow.
Your hands burn!
The jelly is moderately wounded.
The jelly closely misses you.
You hit the jelly.
The jelly glows dangerously bright.
Your hands burn!
The jelly is heavily wounded.
The jelly misses you.
You hit the jelly but do no damage.
The jelly shudders as magic cascades through it.
The jelly twists and deforms.
The acid corrodes you!
Your hands burn!
* * * LOW HITPOINT WARNING * * *
The jelly is severely wounded.
The jelly barely misses you.
You hit the jelly but do no damage.
The jelly begins to glow.
The acid corrodes you!
Your hands burn!
You die...

# ####.#######
...$.#.<...##
...........^##
.............#
...$.!.......#
.......p.....#
......?J.....#
.............#
.............#
..............#
....##.....##..
##.# ####### ##
..


You could see a jelly (contam, misshapen).

Vanquished Creatures
  2 vampire bats (D:3)
  Terence (D:2)
  3 adders
  A dart slug (D:1)
  2 ribbon worms (D:2)
  5 bats
  3 bat skeletons (D:3)
  3 bat zombies (D:3)
  4 endoplasms
  3 giant cockroaches
  2 goblins (D:2)
  4 hobgoblins
  4 ball pythons
  3 kobolds
  5 rats
45 creatures vanquished.

Notes
Turn   | Place    | Note
-------+----------+-------------------------------------------
     0 | D:1      | ChrisAssaf the Human Shapeshifter began the quest for the
                  | Orb.
     0 | D:1      | Reached XP level 1. HP: 15/15 MP: 1/1
   427 | D:1      | Reached XP level 2. HP: 21/21 MP: 2/2
   494 | D:2      | Found Zotrisem's Antique Armour Shoppe.
   680 | D:2      | Reached XP level 3. HP: 10/26 MP: 3/3
  1215 | D:3      | Found Decuv's General Store.
  1223 | D:3      | Bought a scroll of identify for 24 gold pieces
  1223 | D:3      | Bought a potion of brilliance for 48 gold pieces
  1330 | D:3      | Found a snail-covered altar of Cheibriados.
  1365 | D:3      | Became a worshipper of Cheibriados the Contemplative
  1469 | D:3      | Found an ancient bone altar of Kikubaaqudgha.
  1487 | D:3      | Reached XP level 4. HP: 27/32 MP: 4/4
  1492 | D:3      | Reached skill level 1 in Armour
  1492 | D:3      | Reached skill level 1 in Stealth
  1492 | D:3      | Reached skill level 4 in Unarmed Combat
  1492 | D:3      | Reached XP level 5. HP: 32/37 MP: 5/5
  1816 | D:2      | Noticed Terence
  1913 | D:2      | Killed Terence
  2007 | D:2      | Reached * piety under Cheibriados
  2902 | D:3      | Bought a potion of mutation for 96 gold pieces
  2902 | D:3      | Gained mutation: You are partially covered in iridescent
                  | scales. (AC +2) [potion of mutation]
  2902 | D:3      | Gained mutation: Your magical capacity is low. (-10% MP)
                  | [potion of mutation]
  2902 | D:3      | Gained mutation: You possess an exceptional clarity of
                  | mind. [potion of mutation]
  2925 | D:4      | Splashed by a jelly's acid

Illustrated notes

Levels and vault maps discovered:
D:1:      lemuel_arrival_lava_pool, layout_basic
D:2:      layout_loops_ring, serial_shops, shop, minmay_circle_x, uniq_terence
D:3:      layout_loops_corners, kennysheep_vampire_church,
          mainiacjoe_overflow_small_starburst, serial_shops, shop
D:4:      layout_rooms, gammafunk_ghost_mausoleum, portal_sewer_entry_e,
          uniq_grinder, uniq_blork_the_orc

Skill      XL: |  1  2  3  4 |
---------------+-------------+-----
Armour         | 1 |  1.1
Stealth        | 1 |  1.2
Unarmed Combat | 4 |  4.2
Fighting       | |  1.7
Dodging        | |  2.8
Spellcasting   | |  0.8
Invocations    | |  0.8
Shapeshifting  | |  3.5

Action                     |  1- 3 |  4- 6 || total
---------------------------+-------+-------++-------
  Melee: Unarmed           |   118 |    48 ||   166
         Punch             |     4 |       ||     4
    Use: Scroll            |     6 |     2 ||     8
         Potion            |     3 |     2 ||     5
 Armour: Animal skin       |   108 |     1 ||   109
         Skin              |     7 |    20 ||    27
  Dodge: Dodged            |   137 |    38 ||   175
  Block: Other             |       |    12 ||    12
         Reflection        |       |     1 ||     1
   Form: Flux              |       |     1 ||     1
